 Dungeon Sprint DCSS version 0.31-a0-750-gfe7b580527 (webtiles) character file.

Game seed: 3308537439668020760

468 rocky1 the Grappler (level 6, -8/93 HPs)
             Began as a Troll Shapeshifter on Sept 15, 2023.
             Was an Initiate of Gozag.
             Mangled by a two-headed ogre
             ... wielding a +0 giant club
              (16 damage)
             ... in the Dungeon (Sprint IX: "|||||||||||||||||||||||||||||").
             The game lasted 00:01:37 (233 turns).

rocky1 the Grappler (Troll Shapeshifter)             Turns: 233, Time: 00:01:39

Health: -8/93      AC: 23    Str: 25    XL:     6   Next: 81%
Magic:  5/5        EV:  1    Int:  9    God:    Gozag
Gold:   0          SH:  0    Dex:  9    Spells: 5/5 levels left

rFire   . .          .
                       - Unarmed
rCold   . . .        (no shield)
rNeg    . . .        a - melded +0 animal skin
rPois   +            (helmet currently unavailable)
rElec   .            (cloak currently unavailable)
rCorr   .            (gloves unavailable)
SInv    .            (boots unavailable)
Will    .....        (no amulet)
Stlth   +            o - +3 ring of intelligence
HPRegen 1.15/turn    n - +2 ring of evasion
MPRegen 0.09/turn

%: no teleportation
@: tree-form (expiring), gold aura, on berserk cooldown, slowed, very slow
A: stationary, stasis, torment immunity, boosted hp, large, unfitting armour,
(claws 3), regeneration 1, (shaggy fur 1), (tough skin 1)
a: Renounce Religion, Potion Petition, Call Merchant, Bribe Branch


You were in the Dungeon.
You worshipped Gozag.
Gozag was noncommittal.
You were a tree.
You visited 1 branch

Inventory:

Armour
 a - a +0 animal skin (melded)
Jewellery
 n - a +2 ring of evasion (right branch)
 o - a +3 ring of intelligence (left branch)
Talismans
 c - a beast talisman
 d - a flux talisman
Wands
 m - a wand of iceblast (10)
Scrolls
 j - 2 scrolls of blinking
 l - 2 scrolls of amnesia
Potions
 e - 5 potions of curing
 g - a potion of haste
 h - 4 potions of magic
 k - a potion of invisibility


   Skills:
 * Level 3.7 Fighting
 + Level 4.2 Dodging
 * Level 10.8 Unarmed Combat
 + Level 7.9 Shapeshifting


You had 5 spell levels left.
You didn't know any spells.
Your spell library was empty.

Dungeon Overview and Level Annotations

Branches:
Dungeon (1/1)

Altars:
Cheibriados
Dithmenos
Elyvilon
Fedhas
Gozag
Hepliaklqana
Kikubaaqudgha
Makhleb
Nemelex Xobeh
Okawaru
Qazlal
Ru
Sif Muna
Trog
Uskayaw
Vehumet
Wu Jian
Xom
Yredelemnul
Zin
The Shining One
Jiyva
Lugonu


Innate Abilities, Weirdness & Mutations

You are a tree.
Your roots penetrate the ground, keeping you stationary.
You cannot be teleported.
You are immune to unholy pain and torment.
Your maximum health is greatly increased.
Your equipment is partially melded.
You are too large for most types of armour.
((You have claws for hands.))
Your natural rate of healing is unusually fast.
((You are covered in fur. (AC +1)))
((You have tough skin. (AC +1)))


Message History

* * * LOW HITPOINT WARNING * * *
Something hits you but does no damage.
Unknown command.
Smack: -) Branches
Press: ? - help, Dir - move target You miss something.
Something hits you but does no damage.
Unknown command.
Smack: -) Branches
Press: ? - help, Dir - move target You smack something!
Your transformation is almost over.
Something hits you but does no damage. x2; Something hits you.
* * * LOW HITPOINT WARNING * * *
Unknown command.
Smack: -) Branches
Press: ? - help, Dir - move target You hit something.
Something hits you but does no damage. x2
Unknown command.
Smack: -) Branches
Press: ? - help, Dir - move target You closely miss something.
Your punch misses something.
Something hits you but does no damage. x2
Unknown command.
Smack: -) Branches
Press: ? - help, Dir - move target You miss something.
Something hits you but does no damage. x3
Unknown command.
Smack: -) Branches
Press: ? - help, Dir - move target You closely miss something.
Your punch misses something. Something hits you but does no damage.
Unknown command.
Smack: -) Branches
Press: ? - help, Dir - move target You pummel something!!
Reactivating autopickup.
You feel a bit more experienced.
The two-headed ogre hits you with a +0 giant club!
You die...
Your body crumbles into a pile of gold. ▓▓▓▓▓▓▓▓▓▓▓▓▓▓▓▓▓▓▓▓▓▓▓▓ ....yWO♣.[[[.)..'_______ ▓▓▓▓▓▓▓▓▓▓▓▓▓▓▓▓▓▓▓▓▓▓▓▓

You could see a two-headed ogre, a wraith and a killer bee.

Vanquished Creatures
  An unseen horror (D)
  A troll (D)
  A vampire (D)
  A black bear (D)
  An adder (D)
  A worm (D)
  A dart slug (D)
  An orc (D)
  A ball python (D)
  A bat (D)
  3 kobolds (D)
13 creatures vanquished.

Notes
Turn   | Place    | Note
-------+----------+-------------------------------------------
     0 | D        | rocky1 the Troll Shapeshifter began the quest for the Orb.
     0 | D        | Reached XP level 1. HP: 18/18 MP: 0/0
   123 | D        | Noticed a black bear
   127 | D        | Killed a black bear
   128 | D        | Reached skill level 1 in Fighting
   128 | D        | Reached skill level 6 in Unarmed Combat
   128 | D        | Reached XP level 2. HP: 19/27 MP: 1/1
   128 | D        | Reached XP level 3. HP: 23/33 MP: 2/2
   128 | D        | Reached XP level 4. HP: 29/41 MP: 3/3
   140 | D        | Found a snail-covered altar of Cheibriados.
   140 | D        | Found a shadowy altar of Dithmenos.
   140 | D        | Found a white marble altar of Elyvilon.
   140 | D        | Found a blossoming altar of Fedhas.
   140 | D        | Found an opulent altar of Gozag.
   141 | D        | Found a hazy altar of Hepliaklqana.
   142 | D        | Found a viscous altar of Jiyva.
   143 | D        | Found an ancient bone altar of Kikubaaqudgha.
   144 | D        | Found a corrupted altar of Lugonu.
   145 | D        | Found a burning altar of Makhleb.
   146 | D        | Found a sparkling altar of Nemelex Xobeh.
   147 | D        | Found an iron altar of Okawaru.
   148 | D        | Became a worshipper of Gozag Ym Sagoz the Greedy
   149 | D        | Found a stormy altar of Qazlal.
   150 | D        | Found a sacrificial altar of Ru.
   151 | D        | Found a shimmering blue altar of Sif Muna.
   152 | D        | Found a bloodstained altar of Trog.
   153 | D        | Found a hide-covered altar of Uskayaw.
   154 | D        | Found a radiant altar of Vehumet.
   155 | D        | Found an ornate altar of the Wu Jian Council.
   156 | D        | Found a shimmering altar of Xom.
   157 | D        | Found a basalt altar of Yredelemnul.
   158 | D        | Found a glowing silver altar of Zin.
   159 | D        | Found a glowing golden altar of the Shining One.
   187 | D        | Noticed a two-headed ogre
   187 | D        | Noticed a wraith
   187 | D        | Noticed a vampire
   187 | D        | Noticed a troll
   201 | D        | Killed a troll
   202 | D        | Reached skill level 9 in Unarmed Combat
   202 | D        | Reached XP level 5. HP: 27/53 MP: 4/4
   202 | D        | Reached XP level 6. HP: 31/61 MP: 5/5
   215 | D        | HP: 2/136 [something (18)]
   217 | D        | Killed a vampire
   218 | D        | Reached skill level 10 in Unarmed Combat
   223 | D        | HP: 3/93 [something (6)]
   226 | D        | HP: 1/93 [something (5)]
   233 | D        | Killed an unseen horror
   233 | D        | Mangled by a two-headed ogre

Illustrated notes

Levels and vault maps discovered:
D:        linesprint [early_d, line_temple, items_1, d_10, items_2, lair_1,
          lair_end, items_3, orc_1, orc_end, items_4, d_15, swamp_1, shoals_1,
          snake_1, spider_1, d_20, vaults_1, items_5, swamp_end, shoals_end,
          snake_end, spider_end, vaults_end, d_27, items_6, zot_1, zot_end,
          crypt_end, forest_end, elf_end, slime_end, tomb_end, abyss_end,
          pan_hell_end]

Skill      XL: |  1  2  3  4  5  6 |
---------------+-------------------+-----
Dodging        | 2 3 4 |  4.2
Fighting       | 1 3 |  3.7
Unarmed Combat | 6 9 10 | 10.8
Shapeshifting  | 6 7 |  7.9

Action                     |  1- 3 |  4- 6 || total
---------------------------+-------+-------++-------
  Melee: Unarmed           |    17 |    43 ||    60
         Punch             |       |     1 ||     1
    Use: Potion            |       |     5 ||     5
 Armour: Animal skin       |     8 |    15 ||    23
         Skin              |       |    59 ||    59
  Dodge: Dodged            |     7 |     6 ||    13

Table legend: (Time is in decaauts)
 A = Elapsed time spent in this place.
 B = Non-inter-level travel time spent in this place.
 C = Inter-level travel time spent in this place.
 D = Time resting spent in this place.
 E = Time spent auto-exploring this place.
 F = Levels seen in this place.
 G = Mean time per level.
                   A        B        C        D        E       F      G
               +--------+--------+--------+--------+--------+-----+--------+
         Total |    226 |    226 |      0 |    100 |      0 |   1 |  226.0 |
       Dungeon |    226 |    226 |      0 |    100 |      0 |   1 |  226.0 |
               +--------+--------+--------+--------+--------+-----+--------+

Top non-repeatable levels by time:
       D: 226 daAuts
